 Seeded DCSS version 0.31-a0-174-g85c54bcb58 (webtiles) character file.

Game seed: 6943881793479812628 (custom seed)

443 innerfire43 the Cutter (level 6, -10/48 HPs)
             Began as a Demonspawn Monk on June 15, 2023.
             Was an Initiate of Gozag.
             Mangled by Edmund
             ... wielding a +3 heavy flail
              (12 damage)
             ... on level 5 of the Dungeon.
             The game lasted 00:07:33 (4616 turns).

innerfire43 the Cutter (Demonspawn Monk)            Turns: 4616, Time: 00:07:34

Health: -10/48     AC:  8    Str: 14    XL:     6   Next: 71%
Magic:  6/6        EV: 13    Int: 11    God:    Gozag
Gold:   507        SH:  0    Dex: 15    Spells: 4/5 levels left

rFire   . . .        c - +2 short sword (venom)
rCold   . . .        d - orb {light}
rNeg    . . .        q - +0 robe of the Equator {Harm Archmagi}
rPois   .            (no helmet)
rElec   .            (no cloak)
rCorr   .            (no gloves)
SInv    .            (no boots)
Will    .....        (no amulet)
Stlth   +            (no ring)
HPRegen 0.28/turn    (no ring)
MPRegen 0.20/turn

%: harm (+30% outgoing, +20% incoming), archmagi
@: gold aura, sanguine armoured, glowing
A: hooves 1, magic regeneration, sanguine armour 1
a: Renounce Religion, Potion Petition, Call Merchant, Bribe Branch


You were on level 5 of the Dungeon.
You worshipped Gozag.
Gozag was pleased with you.
You visited 1 branch of the dungeon, and saw 5 of its levels.

You collected 507 gold pieces.

Inventory:

Hand Weapons
 a - a +0 short sword
 c - a +2 short sword of venom (weapon)
Missiles
 e - a throwing net
 p - 5 silver javelins (quivered)
 t - 20 poisoned darts
Armour
 b - a +0 robe
 d - an orb of light (worn)
 g - a +0 scale mail
 q - the +0 robe of the Equator (worn) {Harm Archmagi}
   (You found it on level 4 of the Dungeon)

   Harm:      It increases damage dealt and taken.
   Archmagi:  It increases the power of your magical spells.
Magical Staves
 l - a staff of conjuration
Jewellery
 o - an amulet of reflection
Scrolls
 j - a scroll of poison
 m - a scroll of enchant armour {unknown}
 n - a scroll of fear {unknown}
Potions
 f - 2 potions of heal wounds {unknown}
 h - a potion of mutation {unknown}
 i - 2 potions of ambrosia
 k - a potion of lignification {unknown}
 r - a potion of brilliance {unknown}
 s - a potion of attraction {unknown}


   Skills:
 - Level 3.7 Fighting
 + Level 5.1 Short Blades
 + Level 2.5 Armour
 * Level 3.9 Dodging
 + Level 0.1 Spellcasting
 + Level 0.2 Conjurations
 + Level 0.1 Air Magic


You had 4 spell levels left.
You knew the following spells:

 Your Spells              Type           Power      Damage    Failure   Level
a - Shock                 Conj/Air       0%         1d3       32%         1

Your spell library contained the following spells:

 Spells                   Type           Power      Damage    Failure   Level
 Poisonous Vapours        Pois/Air       0%         N/A       47%         2
 Sublimation of Blood     Necr           0%         N/A       47%         2
 Dazzling Flash           Conj/Hex       0%         N/A       71%         3
 Gell's Gravitas          Tloc           0%         N/A       71%         3
 Mephitic Cloud           Conj/Pois/Air  0%         N/A       71%         3
 Swiftness                Air            0%         N/A       71%         3
 Teleport Other           Tloc           0%         N/A       71%         3
 Airstrike                Air            0%         2d(0-16)  98%         4
 Cause Fear               Hex            0%         N/A       98%         4
 Petrify                  Tmut/Erth      0%         N/A       98%         4
 Agony                    Necr           0%         N/A       100%        5
 Freezing Cloud           Conj/Ice/Air   0%         6-21      100%        5
 Irradiate                Conj/Tmut      0%         3d11      100%        5
 Silence                  Hex/Air        0%         N/A       100%        5
 Dispersal                Tloc           0%         N/A       100%        6
 Dragon Form              Tmut           0%         N/A       100%        7
 Haunt                    Necr/Summ      0%         N/A       100%        7
 Infestation              Necr           0%         N/A       100%        8
 Dragon's Call            Summ           0%         N/A       100%        9
 Animate Dead             Necr           Unusable   N/A       N/A         4

Dungeon Overview and Level Annotations

Branches:
Dungeon (5/15)
 Temple: D:4-7

Altars:
Gozag
Vehumet

Annotations:
D:5 Edmund


Innate Abilities, Weirdness & Mutations

You have large cloven feet.
You regenerate magic rapidly.
When seriously injured, your blood forms armour. (AC +6)


Message History

No target in view!
You now have 494 gold pieces (gained 7).
i - 2 potions of ambrosia (gained 1)
Found a stone staircase leading down.
Found a helmet.
No target in view!
No target in view!
r - an amethyst potion
t - 20 poisoned darts (gained 2)
You now have 499 gold pieces (gained 5).
You now have 507 gold pieces (gained 8).
Edmund the Younger comes into view.
He is wielding a +3 heavy flail.
Edmund shouts!
Edmund is nearby!
A hound comes into view.
The hound barks!
Edmund hits you with a +3 heavy flail!!
Your blood congeals into armour.
You hit Edmund.
Edmund is poisoned.
You kick Edmund.
Edmund is lightly wounded.
Edmund hits you with a +3 heavy flail!
You are too injured to fight recklessly!
You are too injured to fight recklessly!
You are too injured to fight recklessly!
The hound barely misses you. The hound attacks as you move away!
The hound misses you. The hound closely misses you.
You puncture the hound!
The hound is poisoned.
You kick the hound.
The hound is severely wounded.
The hound completely misses you. The hound attacks as you move away!
The hound barely misses you. The hound barely misses you.
The hound attacks as you move away! The hound bites you.
The hound closely misses you.
You hit the hound.
You kill the hound!
Edmund hits you with a +3 heavy flail!
* * * LOW HITPOINT WARNING * * *
Edmund attacks as you move away! Edmund hits you with a +3 heavy flail!
You die...
Your body crumbles into a pile of gold.

.#......##.#####.. ...
........#..#.#... ...
...........#...###..
...........#....#.# ..
##...............#..
#..............# #.#
#...........$..# ..## #
##...#..##.##.@##...#.#
#... ##.######@.......
.... #..# ###........#
... .....#.#....##.. .#
.............#.#
..##..##......#.## #.
#..####.......# #.
##......## # #.#
#........
#.#..####......#.


You could see Edmund (poisoned).

Vanquished Creatures
  An ogre (D:4)
  A phantom (D:4)
  2 hounds
  An orc priest (D:4)
  An orc wizard (D:4)
  An iguana (D:4)
  6 adders
  2 dart slugs
  15 orcs
  9 ball pythons
  3 endoplasms
  3 giant cockroaches
  3 goblins
  5 hobgoblins
  4 jackals
  6 bats
  2 frilled lizards
  11 kobolds
  A rat (D:3)
77 creatures vanquished.

Notes
Turn   | Place    | Note
-------+----------+-------------------------------------------
     0 | D:1      | innerfire43 the Demonspawn Monk began the quest for the
                  | Orb.
     0 | D:1      | Reached XP level 1. HP: 18/18 MP: 1/1
   302 | D:1      | Gained mutation: You have large cloven feet. [demonic
                  | ancestry]
   302 | D:1      | Reached XP level 2. HP: 23/24 MP: 2/2
   622 | D:1      | Reached skill level 3 in Short Blades
   963 | D:2      | Gained mutation: When seriously injured, your blood forms
                  | armour. (AC +6) [demonic ancestry]
   963 | D:2      | Reached XP level 3. HP: 29/29 MP: 3/3
  1633 | D:3      | Found a faded altar of an unknown god.
  1649 | D:3      | Prayed at the altar of an unknown god.
  1649 | D:3      | Became a worshipper of Gozag Ym Sagoz the Greedy
  1655 | D:3      | Gained mutation: You regenerate magic rapidly. [demonic
                  | ancestry]
  1655 | D:3      | Reached XP level 4. HP: 35/35 MP: 4/4
  2099 | D:3      | Reached skill level 1 in Armour
  2767 | D:4      | Reached XP level 5. HP: 36/42 MP: 5/5
  2919 | D:4      | Reached skill level 4 in Short Blades
  3145 | D:4      | Noticed a phantom
  3155 | D:4      | Killed a phantom
  3224 | D:4      | Reached XP level 6. HP: 32/48 MP: 6/6
  3348 | D:4      | Found a radiant altar of Vehumet.
  3386 | D:4      | Identified the +0 robe of the Equator {Harm Archmagi}
  3461 | D:4      | Found an opulent altar of Gozag.
  3813 | D:5      | Entered Level 5 of the Dungeon
  3816 | D:5      | HP: 1/48 [ogre/+0 giant club (31)]
  3994 | D:4      | HP: 2/48 [ogre/+0 giant club (18)]
  4201 | D:4      | Learned a level 1 spell: Shock
  4330 | D:4      | Reached skill level 5 in Short Blades
  4599 | D:5      | Noticed Edmund
  4612 | D:5      | HP: 1/48 [Edmund/+3 heavy flail (16)]
  4616 | D:5      | Mangled by Edmund

Illustrated notes

Levels and vault maps discovered:
D:1:      ebering_trefoil_3fold, layout_basic
D:2:      layout_basic, serial_rivers, chequers_serial_rivers_large_a,
          chequers_serial_rivers_marsh, chequers_serial_rivers_micro_e,
          chequers_serial_rivers_micro_e, chequers_serial_rivers_room_a
D:3:      layout_basic, tso_metal_star, nicolae_ecumenical_snake_handling,
          interstate_on_off, corexii_item_surrounded_by_moat
D:4:      layout_loops_ring, nicolae_vehumet_altar_sigil,
          mainiacjoe_overflow_alcove_1, nicolae_overflow_hidden_temple,
          minivault_24, grunt_ministairs_2, lightli_corner_chamber
D:5:      layout_cave_pools, kennysheep_mini_moat, uniq_edmund

Skill      XL: |  1  2  3  4  5  6 |
---------------+-------------------+-----
Short Blades   | 3 4 5 |  5.1
Dodging        | 3 |  3.9
Armour         | 1 2 |  2.5
Fighting       | |  3.7
Spellcasting   | |  0.1
Conjurations   | |  0.2
Air Magic      | |  0.1

Action                     |  1- 3 |  4- 6 || total
---------------------------+-------+-------++-------
  Melee: Short sword       |    88 |   128 ||   216
         Kick              |    19 |    52 ||    71
   Cast: Shock             |       |     3 ||     3
    Use: Potion            |     1 |       ||     1
         Scroll            |       |    10 ||    10
 Armour: Robe              |     5 |       ||     5
         Scale mail        |    28 |    33 ||    61
  Dodge: Dodged            |    54 |    57 ||   111

Table legend: (Time is in decaauts)
 A = Elapsed time spent in this place.
 B = Non-inter-level travel time spent in this place.
 C = Inter-level travel time spent in this place.
 D = Time resting spent in this place.
 E = Time spent auto-exploring this place.
 F = Levels seen in this place.
 G = Mean time per level.
                   A        B        C        D        E       F      G
               +--------+--------+--------+--------+--------+-----+--------+
         Total |   4591 |   4239 |    352 |      0 |   3611 |   5 |  918.2 |
       Dungeon |   4591 |   4239 |    352 |      0 |   3611 |   5 |  918.2 |
               +--------+--------+--------+--------+--------+-----+--------+

Top non-repeatable levels by time:
     D:4: 1796 daAuts
     D:3: 1086 daAuts
     D:2: 858 daAuts
     D:1: 773 daAuts
     D:5: 75 daAuts
